 Dungeon Crawl Stone Soup version 0.25-a0-435-g4b9beb1024 (webtiles) character file.

Game seed: 2869140245788245693, levelgen mode: deterministic

400 Elellon the Conjurer (level 6, -3/32 HPs)
             Began as a Deep Elf Conjurer on Jan 27, 2020.
             Slain by a gnoll
             ... wielding a cursed -3 halberd
              (5 damage)
             ... on level 3 of the Dungeon.
             The game lasted 00:03:39 (4266 turns).

Elellon the Conjurer (Deep Elf Conjurer)            Turns: 4266, Time: 00:03:40

Health: -3/32      AC:  3    Str:  7    XL:     6   Next: 54%
Magic:  4/17       EV: 13    Int: 20    God:
Gold:   234        SH:  0    Dex: 15    Spells: 15/18 levels left

rFire    . . .     SeeInvis .   n - +0 dagger
rCold    . . .     Gourm    .   (no shield)
rNeg     . . .     Faith    .   a - +0 robe
rPois    .         Spirit   .   (no helmet)
rElec    .         Reflect  .   m - +0 cloak
rCorr    .         Harm     .   (no gloves)
MR       .....                  (no boots)
Stlth    ++........             (no amulet)
HPRegen  0.10/turn              (no ring)
MPRegen  0.15/turn              (no ring)

@: no status effects
A: no striking features
a: no special abilities


You were on level 3 of the Dungeon.
You were near starving.

You visited 1 branch of the dungeon, and saw 3 of its levels.

You collected 234 gold pieces.

Inventory:

Hand Weapons
 n - a +0 dagger (weapon)
Missiles
 o - 18 poisoned darts (quivered)
Armour
 a - a +0 robe (worn)
 m - a +0 cloak (worn)
Jewellery
 d - an uncursed ring of poison resistance {unknown}
 h - an uncursed amulet of the gourmand {unknown}
 j - a cursed ring of teleportation {unknown}
 k - an uncursed ring of poison resistance {unknown}
 s - a cursed ring of teleportation {unknown}
 t - an uncursed ring of resist corrosion {unknown}
Scrolls
 b - 2 scrolls of blinking {unknown}
 e - 2 scrolls of fog {unknown}
 i - 3 scrolls of remove curse {unknown}
 l - 5 scrolls of identify {unknown}
 p - a scroll of magic mapping {unknown}
Potions
 f - a potion of resistance {unknown}
 g - a potion of lignification {unknown}
 q - 2 potions of heal wounds {unknown}
 r - a potion of curing {unknown}
Comestibles
 c - 6 rations


   Skills:
 - Level 2.4 Dodging
 - Level 2.4 Stealth
 + Level 6.9 Spellcasting
 + Level 6.9 Conjurations


You had 15 spell levels left.
You knew the following spells:

 Your Spells              Type           Power        Failure   Level  Hunger
a - Magic Dart            Conj           ####         1%          1    None
b - Searing Ray           Conj           ####..       1%          2    None

Your spell library contained the following spells:

 Spells                   Type           Power        Failure   Level  Hunger
 Dazzling Flash           Conj/Hex       ###...       7%          3    #......
 Fulminant Prism          Conj/Hex       ###.......   22%         4    ###....
 Iskenderun's Mystic Bla  Conj/Tloc      ###.....     22%         4    ###....


Dungeon Overview and Level Annotations

Branches:
Dungeon (3/15)

Altars:
Ru


Message History

The big kobold hits you with a +0 club.
* * * LOW HITPOINT WARNING * * *
You hit the big kobold.
The big kobold is lightly wounded.
The big kobold barely misses you.
There is an open door, spattered with blood here.
Items here: $ ))))))) ÷÷ The gnoll barely misses you.
The big kobold hits you with a +0 club.
* * * LOW HITPOINT WARNING * * *
The gnoll closely misses you. The gnoll barely misses you.
The big kobold hits you with a +0 club.
* * * LOW HITPOINT WARNING * * *
There is an open door here.
You close the door.
A big kobold opens the door.
You close the door.
A big kobold opens the door.
The gnoll closely misses you.
You close the door.
A big kobold opens the door.
The gnoll hits you from afar with a cursed -3 halberd.
You die...

#################################
...#.......#....#.....).#........
)..'.......#....#......)'........
...#########....#########.....)..
.)...).(.)#......#..........#####
(..)..)...'.....@'K.........#
.)..)(....#......#g.........#####
.(.#########..).#########........
...'.......#.)..#......))))).....
...#.......#....#.....).#........
#############''##################
≈≈≈≈....(.≈≈≈≈≈≈≈≈≈≈≈≈≈≈≈≈
≈≈≈≈≈....≈≈≈≈≈≈≈≈≈≈≈≈≈≈≈≈≈
≈≈≈≈≈..(.≈≈≈≈≈≈≈≈≈≈≈≈≈≈≈≈≈


You could see a big kobold and a gnoll.

Vanquished Creatures
  3 big kobolds (D:3)
  Crazy Yiuf (D:2)
  Jessica (D:2)
  4 adders
  A shadow imp (D:3)
  A worm (D:3)
  A dart slug (D:2)
  2 leopard geckos (D:1)
  A ball python (D:3)
  3 giant cockroaches
  5 hobgoblins
  51 kobolds
  2 quokkas (D:2)
  8 bats
  3 frilled lizards (D:2)
  6 goblins
  6 rats
99 creatures vanquished.

Notes
Turn   | Place    | Note
-------+----------+-------------------------------------------
     0 | D:1      | Elellon the Deep Elf Conjurer began the quest for the Orb.
     0 | D:1      | Reached XP level 1. HP: 10/10 MP: 6/6
   266 | D:1      | Reached XP level 2. HP: 15/15 MP: 3/8
   409 | D:1      | Learned a level 2 spell: Searing Ray
  1131 | D:2      | Found a runed translucent door.
  1132 | D:2      | Noticed Crazy Yiuf
  1345 | D:2      | Noticed Jessica
  1357 | D:2      | Killed Jessica
  1357 | D:2      | Reached skill level 5 in Conjurations
  1357 | D:2      | Reached XP level 3. HP: 19/19 MP: 1/10
  1660 | D:2      | Reached XP level 4. HP: 24/24 MP: 5/12
  2260 | D:2      | Killed Crazy Yiuf
  2260 | D:2      | Reached skill level 5 in Spellcasting
  2675 | D:3      | Found a sacrificial altar of Ru.
  2775 | D:3      | Reached XP level 5. HP: 28/28 MP: 7/14
  4231 | D:3      | Reached XP level 6. HP: 32/32 MP: 10/17
  4258 | D:3      | HP: 1/32 [big kobold/+0 club (3)]
  4266 | D:3      | Slain by a gnoll

Levels and vault maps discovered:
D:1:      nicolae_arrival_memento_mori, layout_loops_ring, item_on_display_b
D:2:      minmay_skewed_foursquare, layout_loops_cross, uniq_jessica,
          uniq_crazy_yiuf_cottage
D:3:      minmay_goblin_kobold_castle, layout_basic,
          nicolae_overflow_crystal_walls

Skill      XL: |  1  2  3  4  5 |
---------------+----------------+-----
Spellcasting   | 4 5 6 |  6.9
Conjurations   | 5 6 |  6.9
Dodging        | |  2.4
Stealth        | |  2.4

Action                   |  1- 3 |  4- 6 || total
-------------------------+-------+-------++-------
Melee: Dagger            |       |    10 ||    10
 Cast: Magic Dart        |    67 |    74 ||   141
       Searing Ray       |       |    14 ||    14
  Eat: Chunk             |     2 |     6 ||     8
Armor: Robe              |     1 |     4 ||     5
Dodge: Dodged            |     6 |    20 ||    26

Table legend:
 A = Non-vault XP
 B = Vault XP
 C = Vault XP percentage of total XP
 D = Non-vault monster count
 E = Vault monster count
 F = Vault count percentage of total count
                 A         B        C        D         E       F
            +---------+---------+-------+---------+---------+-------
      Total |     115 |     457 |  79.9 |      41 |      58 |  58.6
            +---------+---------+-------+---------+---------+-------
        D:1 |      29 |       0 |   0.0 |      19 |       0 |   0.0
        D:2 |      44 |     102 |  69.9 |      12 |      10 |  45.5
        D:3 |      42 |     355 |  89.4 |      10 |      48 |  82.8
            +---------+---------+-------+---------+---------+-------
